 Dungeon Crawl Stone Soup version 0.29.1-1-gd02db6906a (webtiles) character file.

Game seed: 1611130127623583950

7 Kold the Trooper (level 1, 0/18 HPs)
             Began as a Demonspawn Monk on Oct 19, 2022.
             Slain by a kobold
             ... wielding a +2 dagger of protection
              (4 damage)
             ... on level 1 of the Dungeon.
             The game lasted 00:00:15 (165 turns).

Kold the Trooper (Demonspawn Monk)                   Turns: 165, Time: 00:00:15

Health: 0/18       AC:  2    Str: 11    XL:     1   Next: 91%
Magic:  1/1        EV: 13    Int: 11    God:
Gold:   0          SH:  0    Dex: 15    Spells: 0/0 levels left

rFire   . . .      SeeInvis .     - Unarmed
rCold   . . .      Faith    .   (no shield)
rNeg    . . .      Spirit   .   a - +0 robe
rPois   .          Reflect  .   (no helmet)
rElec   .          Harm     .   (no cloak)
rCorr   .          Rampage  .   (no gloves)
Will    .....                   (no boots)
Stlth   ++........              (no amulet)
HPRegen 0.06/turn               (no ring)
MPRegen 0.07/turn               (no ring)

@: no status effects
A: no striking features
a: no special abilities


You were on level 1 of the Dungeon.
You visited 1 branch of the dungeon, and saw 1 of its levels.

Inventory:

Armour
 a - a +0 robe (worn)
Potions
 b - a potion of ambrosia
 c - a potion of degeneration {unknown}


   Skills:
 + Level 3.1 Fighting
 + Level 2.8 Dodging
 + Level 2.0 Stealth
 + Level 2.8 Unarmed Combat


You couldn't memorise any spells.
You didn't know any spells.
Your spell library contained the following spells:

 Spells                   Type           Power      Damage    Failure   Level
 Call Canine Familiar     Summ           0%         N/A       71%         3
 Portal Projectile        Hex/Tloc       0%         N/A       71%         3
 Leda's Liquefaction      Hex/Erth       0%         N/A       98%         4


Dungeon Overview and Level Annotations

Branches:
Dungeon (1/15)

Altars:


Message History

You pick up a book of the Hunter and begin reading...
You add the spells Call Canine Familiar, Portal Projectile and Leda's Liquefaction to your library.
You see here a +0 club.
c - a purple potion A goblin comes into view.
It is wielding a +0 club.
A goblin is nearby!
A goblin is nearby!
A goblin comes into view. It is wielding a +0 club.
Found a faded altar of an unknown god.
A bat and a kobold come into view.
The kobold is wielding a +2 dagger of protection.
The kobold shouts!
The goblin shouts!
The kobold throws a stone.
The stone closely misses you.
The goblin shouts!
You hit the goblin.
The goblin is moderately wounded.
The kobold throws a stone.
The stone hits you. The goblin closely misses you.
You hit the goblin.
You kill the goblin!
The bat closely misses you.
You hit the bat.
You kill the bat!
The kobold throws a stone.
The stone completely misses you.
A dart slug comes into view.
You see here a +0 club.
You barely miss the goblin. The goblin closely misses you.
You barely miss the goblin. The goblin closely misses you.
You closely miss the goblin. You punch the goblin.
The goblin is moderately wounded.
The goblin hits you with a +0 club.
The kobold hits you with a +2 dagger of protection.
You barely miss the goblin.
The goblin is moderately wounded.
The kobold hits you with a +2 dagger of protection.
The goblin hits you with a +0 club.
* * * LOW HITPOINT WARNING * * *
You are too injured to fight recklessly!
You barely miss the kobold.
The kobold hits you with a +2 dagger of protection.
You die...

###### .....
......####.....
...............
....._........#
...........w..#
............. #
.......gK.# .#
......†@..##...
..................
............##...
...........# .
...........###
#...........#
..#####...........#
..................#
.....#...........#


You could see a dart slug, a goblin and a kobold.

Vanquished Creatures
  A dart slug (D:1)
  A bat (D:1)
  2 goblins (D:1)
  2 rats (D:1)
6 creatures vanquished.

Notes
Turn   | Place    | Note
-------+----------+-------------------------------------------
     0 | D:1      | Kold the Demonspawn Monk began the quest for the Orb.
     0 | D:1      | Reached XP level 1. HP: 18/18 MP: 1/1
   154 | D:1      | Found a faded altar of an unknown god.
   165 | D:1      | Slain by a kobold

Illustrated notes

Levels and vault maps discovered:
D:1:      scummos_arrival_star, layout_basic, basic_ecumenical_altar

Skill      XL: |  1 |
---------------+----+-----
Stealth        | 2 |  2.0
Fighting       | |  3.1
Dodging        | |  2.8
Unarmed Combat | |  2.8

Action                   || total
-------------------------++-------
Melee: Unarmed           ||    27
       Punch             ||     1
 Stab: Sleeping          ||     1
Armor: Robe              ||     2
Dodge: Dodged            ||    23
